 Dungeon Crawl Stone Soup version 0.15.2 (webtiles) character file.

881 magipi the Changer (level 8, -2/48 HPs)
             Began as an Octopode Transmuter on Feb 18, 2015.
             Was an Initiate of Fedhas.
             Slain by Grinder (11 damage)
             ... on Level 6 of the Dungeon.
             The game lasted 00:34:36 (7179 turns).

magipi the Changer (Octopode Transmuter)            Turns: 7179, Time: 00:34:36

HP  -2/48        AC  2     Str  9      XL: 8   Next:  5%
MP  16/16        EV 20     Int 17      God: Fedhas [......]
Gold 321         SH  0     Dex 18      Spells:  4 memorised,  3 levels left

rFire  . . .     SeeInvis .       - Unarmed
rCold  . . .     Clarity  .     (shield currently unavailable)
rNeg   . . .     rCorr    .     (helmet currently unavailable)
rPois  x         rRot     .     (no amulet)
rElec  .         Spirit   .     (no ring)
SustAb .         Warding  .     (no ring)
rMut   .         Stasis   .     (no ring)
Gourm  .                        (no ring)
MR     .....                    (no ring)
                                (no ring)
                                (no ring)
                                (no ring)

@: spider-form (expiring), not resistant to hostile enchantments, unstealthy
A: almost no armour, amphibious, 8 rings, (constrict 8), (camouflage 0),
(gelatinous body 0)
a: End Transformation, Renounce Religion


You were on level 6 of the Dungeon.
You worshipped Fedhas.
Fedhas was noncommittal.
You were very hungry.
You were in spider-form.
You visited 2 branches of the dungeon, and saw 7 of its levels.

You collected 321 gold pieces.

Inventory:

Missiles
 b - 158 arrows
Magical devices
 n - a wand of magic darts (3)
Comestibles
 a - 4 bread rations
 j - a meat ration
 p - a royal jelly
Scrolls
 e - 2 scrolls of teleportation {unknown}
 f - 7 scrolls of identify {unknown}
 i - a scroll of enchant armour {unknown}
 o - 2 scrolls of random uselessness {unknown}
 r - a scroll of recharging {unknown}
Jewellery
 c - an uncursed ring of invisibility {unknown}
Potions
 g - a potion of lignification {unknown}
 h - a potion of confusion {unknown}
 k - a potion of poison {unknown}
 l - a potion of invisibility {unknown}
 q - a potion of cure mutation {unknown}
Books
 d - a book of Changes

   Spells                             Type                      Level
   *Beastly Appendage                 Transmutation                1
   *Sticks to Snakes                  Transmutation                2
   *Spider Form                       Transmutation/Poison         3
   *Ice Form                          Ice/Transmutation            4
   Blade Hands                        Transmutation                5


   Skills:
 - Level 1.0 Fighting
 - Level 2.0 Dodging
 + Level 4.8 Unarmed Combat
 - Level 3.0 Spellcasting
 - Level 5.1 Transmutations
 - Level 5.1 Ice Magic
 - Level 2.2 Poison Magic


You had 3 spell levels left.
You knew the following spells:

 Your Spells              Type           Power        Failure   Level  Hunger
a - Beastly Appendage     Trmt           ###...       10%         1    None
b - Sticks to Snakes      Trmt           ###.......   12%         2    ##.....
c - Spider Form           Trmt/Pois      ###.......   32%         3    ###....
d - Ice Form              Ice/Trmt       ###.....     45%         4    ####...


Dungeon Overview and Level Annotations

Branches:
Dungeon (6/15)             Temple (1/1) D:5

Altars:
Ashenzari
Cheibriados
Dithmenos
Elyvilon
Fedhas
Kikubaaqudgha
Makhleb
Okawaru
Qazlal
Sif Muna
Trog
Xom
Yredelemnul
Zin
The Shining One

Shops:
D:4 =   D:6 [[

Annotations:
D:2 Terence
D:3 Sigmund
D:4 Menkaure
D:5 emiel's ghost, experienced NaGl
D:6 Grinder


Innate Abilities, Weirdness & Mutations

You cannot wear most types of armour.
You are amphibious.
You can wear up to eight rings at the same time.
((You can use your tentacles to constrict many enemies at once.))
((Your skin changes colour to match your surroundings (Stealth).))
((Your rubbery body absorbs attacks (AC +1).))

Vault maps used:
D:1:      roderic_crop_circles_arrival_small, minivault_14
D:2:      serial_forest, infiniplex_forest_clump_tiny,
          infiniplex_forest_lined_room_2, infiniplex_forest_end_1,
          infiniplex_forest_end_2, infiniplex_forest_lined_corner,
          eino_tiny_chamber, minmay_misc_feat_ornament, uniq_terence
D:3:      minmay_item_behind_shaft, grunt_ministairs_12, kennysheep_doodads,
          uniq_crazy_yiuf_cottage, uniq_jessica, uniq_sigmund
D:4:      lemuel_upstairs_altar, lemuel_coloured_pillars_altar, serial_shops,
          nicolae_shop_crystal, first_bread, uniq_iyjb, uniq_menkaure
D:5:      lemuel_blue_sif_altar, minmay_temple_entry_large_hall,
          lightli_minifort
D:6:      overflow_temple_1_default, basic_altar, serial_shops,
          nicolae_shop_crystal, kennysheep_small_circle, uniq_grinder
Temple:   zaba_magenta_temple_12


Message History

Unknown command.
You bite the orc!
You kill the orc!
Grinder gestures.
Grinder blinks!
The orc closely misses you.
You see here a flail.
You barely miss the orc. The orc closely misses you.
You hit the orc but do no damage.
The orc is poisoned.
The orc barely misses you.
You barely miss the orc. The orc misses you.
Grinder gestures.
Grinder blinks!
You hit the orc but do no damage.
The orc looks even sicker.
The orc misses you.
You hit the orc but do no damage.
The orc is lightly wounded.
The orc hits you but does no damage.
You are feeling very hungry.
You hit the orc.
The orc is moderately wounded.
The orc misses you.
You hit the orc.
You kill the orc!
You hit the orc.
The orc is poisoned.
The orc is severely wounded.
Your transformation is almost over.
The orc closely misses you.
Unknown command.
You hit the orc.
You kill the orc!
The orc throws a tomahawk.
The tomahawk misses you. The orc barely misses you.
Items here: %% ) [ a flail; a leather armour; an orc corpse; an orc corpse You barely miss the orc.
You barely miss the orc. The orc closely misses you.
You hit the orc.
The orc is poisoned.
The orc is lightly wounded.
The orc closely misses you.
You hit the orc.
You kill the orc!
You see here a flail.
Your transformation has ended.
The crimson imp shouts!
Grinder says, "FISH!"
Grinder gestures at you.
You struggle to resist.
Grinder gestures at you.
You struggle to resist.
Your magical contamination has completely faded away.
Grinder gestures at you. You resist.
The crimson imp shouts, "Go and return not, thou reeling-ripe saucy lout!"
Grinder gestures at you.
You struggle to resist.
Grinder gestures.
Grinder blinks!
Casting: Spider Form
Confirm with . or Enter, or press ? or * to list all spells.
You turn into a venomous arachnid creature.
The orc skeleton misses you.
You hit the orc skeleton. You completely miss the orc skeleton.
The orc skeleton completely misses you.
You hit the orc skeleton.
You destroy the orc skeleton!
The crimson imp puffs mist at you.
You bite the crimson imp!
The crimson imp is almost dead.
The crimson imp misses you.
You bite the crimson imp!
You kill the crimson imp!
Grinder hits you!
You writhe in agony.
You barely miss Grinder.
Grinder says, "There's only one good use for a tongue: cutting it out."
Grinder misses you.
You bite Grinder!
Grinder is moderately wounded.
Grinder hits you.
You barely miss Grinder.
Grinder is moderately wounded.
Grinder gestures at you.
You suddenly lose the ability to move!
Grinder hits you.
You writhe in agony.
Grinder hits you.
You writhe in agony.
Grinder says, "I used to sell toenails on the black market."
Grinder hits you!
* * * LOW HITPOINT WARNING * * *
You writhe in agony.
* * * LOW HITPOINT WARNING * * *
Grinder gestures at you.
You shrug off the repeated paralysis!
Your transformation is almost over.
Grinder barely misses you.
You can move again.
You bite Grinder!
Grinder is heavily wounded.
Grinder hits you!
You die...
Fedhas appreciates your contribution to the ecosystem.

..#.............#### #...# #.#
..##.###.#.##.### #...# ###
..+...........# #...#
..##.###.#.#..# #...# .....#
#.#.#.[########...######
########.#.#...#....#.........#
#.......#####.##.#....####.#
####...........5..#.#.......#.#
..........######s.....#.#.#.#.#
.###......######.##.#.#.#.#.#.#
.# #......#.........#.#.#.#.#.#
.####.#.5.#.........#.#.#.#.#.#
'##..∩....#.........#.#...#.#.#
....#.#...#.........#.#.....#.#
..........#.........#.#.#####.###
..(.......#.........#.#.#####....
.........>######.##.#.#.......###


You could see Grinder.

Table legend:
 A = Kills in this place as a percentage of kills in entire the game.
 B = Kills by you in this place as a percentage of kills by you in the entire game.
 C = Kills by friends in this place as a percentage of kills by friends in the entire game.
 D = Other kills in this place as a percentage of other kills in the entire game.
 E = Experience gained in this place as a percentage of experience gained in the entire game.
 F = Experience gained in this place divided by the number of levels of this place that you have seen.
                   A       B       C       D       E      F
               +-------+-------+-------+-------+-------+----------------------
         Total | 100.0 | 100.0 | 100.0 | 100.0 | 100.0 | 179.9
       Dungeon | 100.0 | 100.0 | 100.0 | 100.0 | 100.0 | 209.8
               +-------+-------+-------+-------+-------+----------------------

Vanquished Creatures
  An ice beast (D:6)
  An ogre (D:4)
  2 scorpions
  An orc priest (D:3)
  A jelly (D:6)
  2 crimson imps (D:6)
  A hound (D:6)
  A worker ant (D:4)
  Ijyb (D:4)
  Jessica (D:3)
  An ogre skeleton (D:6)
  4 gnolls (D:3)
  7 adders
  A shadow imp (D:5)
  4 worms
  4 giant geckos
  3 oozes
  14 orcs
  4 giant cockroaches (D:2)
  13 goblins
  20 hobgoblins
  8 jackals
  8 kobolds
  2 ball pythons
  9 bats
  4 giant newts
  A hobgoblin skeleton (D:5)
  An orc skeleton (D:6)
  A quokka (D:2)
  9 rats
  A plant (D:1)
131 creatures vanquished.

Vanquished Creatures (collateral kills)
  An ogre (D:6)
  A goliath beetle (D:6)
2 creatures vanquished.

Vanquished Creatures (others)
  A giant frog (D:5)
  A giant spore (D:5)
  4 toadstools
6 creatures vanquished.

Grand Total: 139 creatures vanquished

Notes
Turn   | Place    | Note
--------------------------------------------------------------
     0 | D:1      | magipi, the Octopode Transmuter, began the quest for the Orb.
     0 | D:1      | Reached XP level 1. HP: 13/13 MP: 3/3
   109 | D:1      | Reached XP level 2. HP: 9/18 MP: 2/4
   184 | D:1      | Learned a level 2 spell: Sticks to Snakes
   673 | D:1      | Reached XP level 3. HP: 19/23 MP: 4/6
   788 | D:1      | Learned a level 3 spell: Spider Form
  1201 | D:2      | Reached skill level 1 in Poison Magic
  1211 | D:2      | Noticed Terence
  1527 | D:2      | Reached XP level 4. HP: 24/28 MP: 5/7
  1608 | D:2      | Reached skill level 4 in Unarmed Combat
  2487 | D:3      | Reached XP level 5. HP: 27/33 MP: 7/9
  3074 | D:3      | Noticed Jessica
  3087 | D:3      | Killed Jessica
  3087 | D:3      | Reached XP level 6. HP: 16/38 MP: 6/12
  3341 | D:3      | Learned a level 4 spell: Ice Form
  3391 | D:3      | Noticed Sigmund
  3713 | D:4      | Found Suuby's Jewellery Shop.
  3807 | D:4      | Noticed Menkaure
  3851 | D:4      | Reached skill level 1 in Ice Magic
  3937 | D:4      | Noticed Ijyb
  3949 | D:4      | Killed Ijyb
  4461 | D:4      | Reached XP level 7. HP: 41/43 MP: 12/14
  4486 | D:4      | Found a white marble altar of Elyvilon.
  4622 | D:5      | Entered Level 5 of the Dungeon
  4622 | D:5      | Noticed emiel's ghost (experienced NaGl)
  5064 | D:5      | Found a staircase to the Ecumenical Temple.
  5084 | Temple   | Entered the Ecumenical Temple
  5159 | Temple   | Became a worshipper of Fedhas Madash
  5471 | D:5      | Found a deep blue altar of Sif Muna.
  6431 | D:6      | Reached skill level 5 in Transmutations
  6439 | D:6      | Found Ifilysm's Armour Shoppe.
  6736 | D:6      | Reached skill level 5 in Ice Magic
  7019 | D:6      | Found Laqaib's Armour Shop.
  7023 | D:6      | Reached XP level 8. HP: 44/48 MP: 16/16
  7100 | D:6      | Found a burning altar of Makhleb.
  7101 | D:6      | Noticed Grinder
  7173 | D:6      | Paralysed by Grinder for 5 turns
  7179 | D:6      | Slain by Grinder

Action                   |  1- 3 |  4- 6 |  7- 9 || total
-------------------------+-------+-------+-------++-------
Melee: Unarmed           |   104 |   168 |   101 ||   373
 Cast: Beastly Appendage |    19 |    30 |     9 ||    58
       Sticks to Snakes  |     2 |       |     8 ||    10
       Spider Form       |       |    10 |     7 ||    17
       Ice Form          |       |       |     4 ||     4
 Abil: End Transformatio |       |       |     1 ||     1
  Use: Potion            |       |       |     1 ||     1
 Stab: Sleeping          |     2 |     2 |     2 ||     6
  Eat: Chunk             |     2 |    12 |     1 ||    15
       Bread ration      |       |       |     1 ||     1
       Royal jelly       |       |       |     1 ||     1
       Beef jerky        |       |       |     1 ||     1

Action                   |  1- 3 |  4- 6 |  7- 9 || total
-------------------------+-------+-------+-------++-------
Melee: Unarmed           |   104 |   168 |   101 ||   373
 Cast: Beastly Appendage |    19 |    30 |     9 ||    58
       Sticks to Snakes  |     2 |       |     8 ||    10
       Spider Form       |       |    10 |     7 ||    17
       Ice Form          |       |       |     4 ||     4
 Abil: End Transformatio |       |       |     1 ||     1
  Use: Potion            |       |       |     1 ||     1
 Stab: Sleeping          |     2 |     2 |     2 ||     6
  Eat: Chunk             |     2 |    12 |     1 ||    15
       Bread ration      |       |       |     1 ||     1
       Royal jelly       |       |       |     1 ||     1
       Beef jerky        |       |       |     1 ||     1

Action                   |  1- 3 |  4- 6 |  7- 9 || total
-------------------------+-------+-------+-------++-------
Melee: Unarmed           |   104 |   168 |   101 ||   373
 Cast: Beastly Appendage |    19 |    30 |     9 ||    58
       Sticks to Snakes  |     2 |       |     8 ||    10
       Spider Form       |       |    10 |     7 ||    17
       Ice Form          |       |       |     4 ||     4
 Abil: End Transformatio |       |       |     1 ||     1
  Use: Potion            |       |       |     1 ||     1
 Stab: Sleeping          |     2 |     2 |     2 ||     6
  Eat: Chunk             |     2 |    12 |     1 ||    15
       Bread ration      |       |       |     1 ||     1
       Royal jelly       |       |       |     1 ||     1
       Beef jerky        |       |       |     1 ||     1
